 Dungeon Sprint DCSS version 0.29-a0-512-gf59ac788ac (webtiles) character file.

Game seed: 2649145289077780010

7408 mhtbhm the Brawler (level 10, -10/92 HPs)
             Began as a Troll Transmuter on May 29, 2022.
             Was an Initiate of Gozag.
             Mangled by a catoblepas (16 damage)
             ... while petrified by a catoblepas
             ... in the Dungeon (Sprint IX: "|||||||||||||||||||||||||||||").
             The game lasted 00:02:54 (1521 turns).

mhtbhm the Brawler (Troll Transmuter)               Turns: 1521, Time: 00:02:56

Health: -10/92     AC:  4    Str: 23    XL:     10   Next: 92%
Magic:  20/20      EV:  1    Int: 13    God:    Gozag
Gold:   2743       SH:  0    Dex: 10    Spells: 14/24 levels left

rFire   . . .      SeeInvis .     - Unarmed
rCold   . . .      Faith    .   (no shield)
rNeg    + + +      Spirit   .   a - +0 robe
rPois   ∞          Reflect  .   (helmet restricted)
rElec   .          Harm     .   (no cloak)
rCorr   .          Rampage  .   (gloves unavailable)
Will    .....      NoTele   +   (boots unavailable)
Stlth   ++........              (no amulet)
HPRegen 1.05/turn               l - +3 ring of strength
MPRegen 0.17/turn               m - +2 ring of evasion

@: petrified, gold aura
A: large, unfitting armour, claws 3, regeneration 1, shaggy fur 1, tough skin 1
a: Renounce Religion, Potion Petition, Call Merchant, Bribe Branch


You were in the Dungeon.
You worshipped Gozag.
Gozag was most pleased with you.
You visited 1 branch You collected 2743 gold pieces.

Inventory:

Armour
 a - a +0 robe (worn)
Jewellery
 l - a +3 ring of strength (left claw)
 m - a +2 ring of evasion (right claw)
Wands
 k - a wand of acid (8)
Scrolls
 h - 4 scrolls of blinking
 j - 2 scrolls of amnesia
 p - a scroll of fear
 q - 2 scrolls of enchant armour
 r - 2 scrolls of identify
Potions
 b - a potion of lignification
 c - 5 potions of curing
 d - 2 potions of heal wounds
 e - 2 potions of haste
 f - 4 potions of magic
 g - 2 potions of mutation
 i - a potion of invisibility
 n - a potion of brilliance
 o - a potion of might


   Skills:
 + Level 3.9 Fighting
 + Level 8.7 Dodging
 + Level 1.9 Stealth
 + Level 18.0 Unarmed Combat
 + Level 7.6 Spellcasting
 + Level 8.0 Transmutations
 + Level 3.1 Ice Magic
 + Level 1.3 Evocations


You had 14 spell levels left.
You knew the following spells:

 Your Spells              Type           Power      Damage    Failure   Level
a - Beastly Appendage     Tmut           50%        N/A       1%          1
b - Wereblood             Tmut           25%        N/A       1%          2
c - Spider Form           Tmut/Pois      15%        N/A       9%          3
d - Ice Form              Ice/Tmut       19%        N/A       14%         4

Your spell library contained the following spells:

 Spells                   Type           Power      Damage    Failure   Level


Dungeon Overview and Level Annotations

Branches:
Dungeon (1/1)

Altars:
Cheibriados
Dithmenos
Elyvilon
Fedhas
Gozag
Hepliaklqana
Kikubaaqudgha
Makhleb
Nemelex Xobeh
Okawaru
Qazlal
Ru
Sif Muna
Trog
Uskayaw
Vehumet
Wu Jian
Xom
Yredelemnul
Zin
The Shining One
Beogh
Jiyva
Lugonu


Innate Abilities, Weirdness & Mutations

You are too large for most types of armour.
You have claws for hands.
Your natural rate of healing is unusually fast.
You are covered in fur. (AC +1)
You have tough skin. (AC +1)


Message History

Unknown command.
You barely miss the catoblepas.
The catoblepas is moderately wounded.
You are engulfed in calcifying dust.
Unknown command.
You claw the catoblepas!
The catoblepas is heavily wounded.
You are engulfed in calcifying dust.
You are slowing down.
The yak is no longer petrified.
The death yak snorts and paws the ground.
The catoblepas gores you!
You scratch the catoblepas but do no damage.
The catoblepas is heavily wounded.
You are engulfed in calcifying dust.
Your limbs have turned to stone.
The death yak is no longer petrified.
The catoblepas gores you!!
* * * LOW HITPOINT WARNING * * *
You have turned to stone.
You are engulfed in calcifying dust.
The catoblepas gores you!
* * * LOW HITPOINT WARNING * * *
The catoblepas gores you!
* * * LOW HITPOINT WARNING * * *
The death yak snorts and paws the ground.
The catoblepas gores you.
* * * LOW HITPOINT WARNING * * *
A yak comes into view.
The catoblepas gores you.
* * * LOW HITPOINT WARNING * * *
The catoblepas gores you!
* * * LOW HITPOINT WARNING * * *
The catoblepas gores you but does no damage.
The catoblepas gores you!!
* * * LOW HITPOINT WARNING * * *
The catoblepas gores you but does no damage.
The yak bellows!
The death yak is distracted by your dazzling golden aura.
The catoblepas snuffles in challenge.
The catoblepas gores you!!
You die...
Your body crumbles into a pile of gold.

▓_▓.▓.▓
$
▓_▓.▓.▓
$
▓_▓.▓.▓
$
▓_▓.▓.▓
$
▓_▓.▓.▓
$
▓_▓.▓.▓
$
▓_▓.▓.▓
$
▓_▓.▓.▓
$
▓_▓.▓@▓
▓'▓.▓Y▓
$
▓.▓.▓Y▓
$
▓.▓.▓Y▓
$
▓)▓.▓Y▓
$
▓.▓.▓Y▓
$
▓[▓.▓Y▓
▓[▓.▓Y▓
$ ▓[▓.▓


You could see 4 death yaks, a catoblepas and 2 yaks.

Vanquished Creatures
  A boulder beetle (D)
  A catoblepas (D)
  A centaur warrior (D)
  2 two-headed ogres (D)
  A death yak (D)
  A cyclops (D)
  4 cane toads (D)
  A komodo dragon (D)
  A rime drake (D)
  2 polar bears (D)
  A troll (D)
  A slime creature (shapeshifter) (D)
  A blink frog (D)
  A wyvern (D)
  A basilisk (D)
  An orc warrior (D)
  A black bear (D)
  A wolf (D)
  3 bullfrogs (D)
  A scorpion (D)
  An orc priest (D)
  A gnoll shaman (D)
  2 orc wizards (D)
  A gnoll (D)
  3 adders (D)
  A white imp (D)
  A bat (D)
  A giant cockroach (D)
  2 goblins (D)
  A quokka (D)
41 creatures vanquished.

Notes
Turn   | Place    | Note
-------+----------+-------------------------------------------
     0 | D        | mhtbhm the Troll Transmuter began the quest for the Orb.
     0 | D        | Reached XP level 1. HP: 18/18 MP: 1/1
    16 | D        | Banished a spatial maelstrom
    20 | D        | Reached skill level 4 in Unarmed Combat
    45 | D        | Reached XP level 2. HP: 26/26 MP: 0/3
    48 | D        | Reached skill level 5 in Unarmed Combat
    50 | D        | Reached XP level 3. HP: 30/32 MP: 0/5
    54 | D        | Reached skill level 1 in Fighting
   159 | D        | Learned a level 2 spell: Wereblood
   163 | D        | Learned a level 3 spell: Spider Form
   169 | D        | Found a snail-covered altar of Cheibriados.
   169 | D        | Found a shadowy altar of Dithmenos.
   169 | D        | Found a white marble altar of Elyvilon.
   169 | D        | Found a blossoming altar of Fedhas.
   169 | D        | Found an opulent altar of Gozag.
   170 | D        | Found a hazy altar of Hepliaklqana.
   171 | D        | Found a viscous altar of Jiyva.
   172 | D        | Found an ancient bone altar of Kikubaaqudgha.
   173 | D        | Found a corrupted altar of Lugonu.
   174 | D        | Found a burning altar of Makhleb.
   175 | D        | Found a sparkling altar of Nemelex Xobeh.
   176 | D        | Found an iron altar of Okawaru.
   177 | D        | Became a worshipper of Gozag Ym Sagoz the Greedy
   178 | D        | Found a stormy altar of Qazlal.
   179 | D        | Found a sacrificial altar of Ru.
   180 | D        | Found a shimmering blue altar of Sif Muna.
   181 | D        | Found a bloodstained altar of Trog.
   182 | D        | Found a hide-covered altar of Uskayaw.
   183 | D        | Found a radiant altar of Vehumet.
   184 | D        | Found an ornate altar of the Wu Jian Council.
   185 | D        | Found a shimmering altar of Xom.
   186 | D        | Found a basalt altar of Yredelemnul.
   187 | D        | Found a glowing silver altar of Zin.
   188 | D        | Found a glowing golden altar of the Shining One.
   216 | D        | Noticed an orc warrior
   216 | D        | Noticed a two-headed ogre
   216 | D        | Noticed a troll
   223 | D        | Killed a two-headed ogre
   224 | D        | Reached skill level 5 in Dodging
   224 | D        | Reached skill level 11 in Unarmed Combat
   224 | D        | Reached XP level 4. HP: 42/42 MP: 2/9
   224 | D        | Reached XP level 5. HP: 49/49 MP: 2/10
   224 | D        | Reached XP level 6. HP: 57/57 MP: 2/11
   224 | D        | Reached XP level 7. HP: 63/63 MP: 2/12
   227 | D        | Reached skill level 12 in Unarmed Combat
   235 | D        | Killed a troll
   236 | D        | Reached skill level 5 in Spellcasting
   236 | D        | Reached skill level 5 in Transmutations
   236 | D        | Reached XP level 8. HP: 52/72 MP: 4/14
   369 | D        | Learned a level 4 spell: Ice Form
   465 | D        | Noticed a two-headed ogre
   465 | D        | Noticed a centaur warrior
   465 | D        | Noticed a boulder beetle
   465 | D        | Noticed a cyclops
   465 | D        | Noticed a salamander
   470 | D        | Killed a two-headed ogre
   471 | D        | Reached skill level 13 in Unarmed Combat
   475 | D        | Killed a centaur warrior
   476 | D        | Reached skill level 14 in Unarmed Combat
   476 | D        | Reached skill level 1 in Ice Magic
   476 | D        | Reached XP level 9. HP: 47/80 MP: 9/16
   535 | D        | Killed a cyclops
   535 | D        | Killed a boulder beetle
   536 | D        | Reached skill level 15 in Unarmed Combat
   536 | D        | Reached skill level 1 in Evocations
  1195 | D        | Noticed a cane toad
  1195 | D        | Noticed a cane toad
  1199 | D        | Noticed a polar bear
  1200 | D        | Killed a cane toad
  1202 | D        | Killed a cane toad
  1203 | D        | Reached skill level 16 in Unarmed Combat
  1203 | D        | Reached XP level 10. HP: 78/91 MP: 11/19
  1213 | D        | Reached skill level 1 in Stealth
  1250 | D        | Noticed a catoblepas
  1250 | D        | Noticed a cane toad
  1250 | D        | Noticed a cane toad
  1308 | D        | Killed a catoblepas
  1321 | D        | Reached skill level 17 in Unarmed Combat
  1329 | D        | Killed a cane toad
  1332 | D        | Killed a cane toad
  1486 | D        | Noticed a death yak
  1486 | D        | Noticed a catoblepas
  1486 | D        | Noticed a death yak
  1486 | D        | Noticed a death yak
  1486 | D        | Noticed a death yak
  1494 | D        | Noticed a death yak
  1501 | D        | Killed a death yak
  1502 | D        | Reached skill level 18 in Unarmed Combat
  1519 | D        | HP: 4/92 [catoblepas (10)]
  1521 | D        | Mangled by a catoblepas

Illustrated notes

Levels and vault maps discovered:
D:        linesprint [early_d, line_temple, items_1, d_10, items_2, lair_1,
          lair_end, items_3, orc_1, orc_end, items_4, d_15, swamp_1, shoals_1,
          snake_1, spider_1, d_20, vaults_1, items_5, swamp_end, shoals_end,
          snake_end, spider_end, vaults_end, d_27, items_6, zot_1, zot_end,
          crypt_end, forest_end, elf_end, slime_end, tomb_end, abyss_end,
          pan_hell_end]

Skill      XL: |  1  2  3  4  5  6  7  8  9 10 |
---------------+-------------------------------+-----
Unarmed Combat | 4 5 11 12 14 16 18 | 18.0
Dodging        | 2 5 6 7 8 |  8.7
Transmutations | 2 4 5 6 7 8 |  8.0
Spellcasting   | 2 4 5 6 7 |  7.6
Fighting       | 1 2 3 |  3.9
Ice Magic      | 1 2 3 |  3.1
Evocations     | 1 |  1.3
Stealth        | 1 |  1.9

Action                   |  1- 3 |  4- 6 |  7- 9 | 10-12 || total
-------------------------+-------+-------+-------+-------++-------
Melee: Unarmed           |    27 |       |    42 |    50 ||   119
       Kick              |     2 |       |     1 |       ||     3
       Headbutt          |     1 |       |       |       ||     1
 Cast: Beastly Appendage |     3 |       |       |       ||     3
       Wereblood         |     1 |       |     3 |     3 ||     7
       Ice Form          |       |       |     2 |     3 ||     5
       Spider Form       |       |       |     1 |       ||     1
Evoke: Wand              |       |       |     2 |       ||     2
  Use: Potion            |     2 |       |     1 |       ||     3
 Stab: Petrified         |       |       |       |     3 ||     3
Armor: Robe              |     8 |       |     1 |     2 ||    11
       Skin              |       |       |     6 |    14 ||    20
Dodge: Dodged            |     9 |       |    21 |    12 ||    42

Table legend: (Time is in decaauts)
 A = Elapsed time spent in this place.
 B = Non-inter-level travel time spent in this place.
 C = Inter-level travel time spent in this place.
 D = Time resting spent in this place.
 E = Time spent auto-exploring this place.
 F = Levels seen in this place.
 G = Mean time per level.
                   A        B        C        D        E       F      G
               +--------+--------+--------+--------+--------+-----+--------+
         Total |   1500 |   1404 |     96 |    774 |    232 |   1 | 1500.0 |
       Dungeon |   1500 |   1404 |     96 |    774 |    232 |   1 | 1500.0 |
               +--------+--------+--------+--------+--------+-----+--------+

Top non-repeatable levels by time:
       D: 1500 daAuts
